 Dungeon Crawl Stone Soup version 0.21-a0-279-g6037ffb (webtiles) character file.

6471 tidbits the Reanimator (level 10, -3/84 HPs)
             Began as a Purple Draconian Necromancer on Sept 23, 2017.
             Was an Elder of Wu Jian.
             Slain by Fannar
             ... wielding a +0 quarterstaff of freezing
              (7 damage)
             ... on level 11 of the Dungeon.
             The game lasted 00:53:48 (4857 turns).

tidbits the Reanimator (DrNe)                       Turns: 4857, Time: 00:53:48

Health: -3/84      AC: 10    Str: 15    XL:     10   Next: 68%
Magic:  17/20      EV: 15    Int: 18    God:    Wu Jian [****..]
Gold:   336        SH:  0    Dex: 13    Spells: 6/22 levels left

rFire    . . .     SeeInvis .     - Unarmed
rCold    . . .     Gourm    .   (no shield)
rNeg     . . .     Faith    .   (armour unavailable)
rPois    .         Spirit   .   (helmet restricted)
rElec    .         Reflect  .   (no cloak)
rCorr    .         Harm     .   G - +2 pair of gloves
MR       +....     Rnd*Rage +   (no boots)
Stlth    ++........             R - amulet of regeneration
HPRegen  0.64/turn              I - +2 ring of strength
MPRegen  0.17/turn              (no ring)

@: mighty, about to teleport
A: breathe power, unfitting armour, talons 1, berserk 1, weak 1, cold-blooded,
AC +7
a: Breathe Dispelling Energy, Serpent's Lash, Renounce Religion


You were on level 11 of the Dungeon.
You worshipped Wu Jian.
Wu Jian was greatly pleased with you.
You were not hungry.

You visited 2 branches of the dungeon, and saw 12 of its levels.
You also visited: Sewer.

You collected 459 gold pieces.
You spent 123 gold pieces at shops.

Inventory:

Hand Weapons
 c - a +1 spear of venom
   (You found it on level 2 of the Dungeon)
 e - a +0 short sword
 i - a +1 glaive of holy wrath
   (You found it on level 4 of the Dungeon)
 m - a +0 shortbow
Missiles
 n - 207 arrows
 q - 21 tomahawks (quivered)
 F - a throwing net {!f}
Armour
 G - a +2 pair of gloves (worn)
Jewellery
 I - a +2 ring of strength (left hand)
   (You found it on level 9 of the Dungeon)
 R - an amulet of regeneration (around neck)
   (You found it on level 2 of the Dungeon)
Wands
 d - a wand of lightning (1/15)
 f - a wand of clouds (0/9)
 u - a wand of polymorph (13/24)
 w - a wand of confusion (24/48)
 M - a wand of polymorph (6/24)
 N - a wand of random effects (28/48)
Scrolls
 g - a scroll of amnesia
 l - 4 scrolls of teleportation
 o - 3 scrolls of fog
 r - 7 scrolls of remove curse
 s - 2 scrolls of magic mapping
 v - a scroll of enchant weapon {unknown}
 y - a scroll of enchant armour
 E - 2 scrolls of immolation {unknown}
Potions
 j - a potion of magic
 k - a potion of invisibility
 t - 2 potions of ambrosia {unknown}
 x - 3 potions of flight
 A - a potion of curing {unknown}
 B - a potion of cancellation {unknown}
 C - a potion of resistance {unknown}
 D - a potion of brilliance {unknown}
 H - a potion of lignification {unknown}
 J - a potion of mutation {!q}
Books
 a - a book of Necromancy

   Spells                             Type                      Level
   a - Pain                           Necromancy                   1
   b - Animate Skeleton               Necromancy                   1
   c - Vampiric Draining              Necromancy                   3
   d - Regeneration                   Charms/Necromancy            3
   e - Animate Dead                   Necromancy                   4
   f - Control Undead                 Necromancy                   4
Comestibles
 b - 4 bread rations
 h - 4 meat rations
 K - 9 royal jellies
 L - a chunk of flesh


   Skills:
 + Level 6.7 Fighting
 + Level 6.0 Dodging
 - Level 1.7 Stealth
 * Level 8.6 Unarmed Combat
 - Level 6.8 Spellcasting
 - Level 3.7 Charms
 - Level 9.1 Necromancy


You had 6 spell levels left.
You knew the following spells:

 Your Spells              Type           Power        Failure   Level  Hunger
n - Animate Skeleton      Necr           N/A          1%          1    None
r - Regeneration          Chrm/Necr      ####......   2%          3    ##.....
u - Control Undead        Necr           #####.....   2%          4    ####...
v - Vampiric Draining     Necr           #####.....   1%          3    ##.....
z - Pain                  Necr           ####         1%          1    None
N - Animate Dead          Necr           N/A          2%          4    ####...


Dungeon Overview and Level Annotations

Branches:
Dungeon (11/15)            Temple (1/1) D:4            Lair (0/6) D:9
    Orc (0/2) D:10

Altars:
Ashenzari
Cheibriados
Dithmenos
Elyvilon
Fedhas
Gozag
Hepliaklqana
Kikubaaqudgha
Makhleb
Nemelex Xobeh
Okawaru
Qazlal
Ru
Sif Muna
Trog
Uskayaw
Vehumet
Wu Jian
Xom
Yredelemnul

Shops:
D:4 ?   D:6 %

Annotations:
D:11 Fannar


Innate Abilities, Weirdness & Mutations

You can breathe bolts of dispelling energy.
Your rich purple scales are hard. (AC +7)
You cannot fit into any form of body armour.
You are cold-blooded and may be slowed by cold attacks.
You have sharp toenails.
You tend to lose your temper in combat.
You are weak. (Str -2)


Message History

Fannar gestures wildly while chanting.
Fannar drains the heat from the surrounding environment!
You feel very cold.
* * * LOW HITPOINT WARNING * * *
Fannar is frozen.
Fannar resists.
Fannar is lightly wounded.
There is a stone staircase leading down here.
You feel very mighty all of a sudden.
Fannar hits you with a quarterstaff of freezing!
* * * LOW HITPOINT WARNING * * *
You feel yourself slow down. Fannar freezes you.
* * * LOW HITPOINT WARNING * * *
Casting: Animate Skeleton
Confirm with . or Enter, or press ? or * to list all spells.
Aiming: Vampiric Draining
Press: ? - help, Shift-Dir - straight line, f - Fannar
Aim: Fannar, wielding a quarterstaff of freezing, wearing a robe of cold resistance and wearing a ring of ice (lightly wounded, covered in an icy film) Fannar is moderately wounded.
You feel life coursing into your body.
Fannar hits you with a quarterstaff of freezing.
* * * LOW HITPOINT WARNING * * *
Fannar freezes you.
* * * LOW HITPOINT WARNING * * *
You hit Fannar but do no damage. You tail-slap Fannar.
Fannar is moderately wounded.
You feel yourself speed up.
Fannar hits you with a quarterstaff of freezing.
* * * LOW HITPOINT WARNING * * *
Fannar freezes you.
* * * LOW HITPOINT WARNING * * *
Casting: Vampiric Draining
Confirm with . or Enter, or press ? or * to list all spells.
Aiming: Vampiric Draining
Press: ? - help, Shift-Dir - straight line, f/p - Fannar
Aim: Fannar, wielding a quarterstaff of freezing, wearing a robe of cold resistance and wearing a ring of ice (moderately wounded, covered in an icy film) Fannar is moderately wounded.
You feel life coursing into your body.
Fannar hits you with a quarterstaff of freezing!
* * * LOW HITPOINT WARNING * * *
You feel yourself slow down. Fannar freezes you.
* * * LOW HITPOINT WARNING * * *
It was a potion of heal wounds.
You feel much better.
Fannar hits you with a quarterstaff of freezing!
* * * LOW HITPOINT WARNING * * *
You feel as though you will be slow longer.
Fannar freezes you.
* * * LOW HITPOINT WARNING * * *
You feel much better. Fannar closely misses you.
Fannar hits you but does no damage.
You closely miss Fannar.
Fannar is moderately wounded.
Fannar casts a spell.
Fannar drains the heat from the surrounding environment!
You feel very cold.
* * * LOW HITPOINT WARNING * * *
Fannar is frozen.
Fannar resists.
Fannar is moderately wounded.
You hit Fannar but do no damage.
Fannar is moderately wounded.
You feel yourself speed up.
Fannar hits you with a quarterstaff of freezing.
* * * LOW HITPOINT WARNING * * *
You feel yourself slow down. Fannar freezes you.
* * * LOW HITPOINT WARNING * * *
You barely miss Fannar.
Fannar is moderately wounded.
Fannar hits you with a quarterstaff of freezing!
* * * LOW HITPOINT WARNING * * *
Fannar freezes you.
* * * LOW HITPOINT WARNING * * *
It was a potion of mutation.
You feel extremely strange.
You feel a little pissed off.
You feel weaker.
Your toenails lengthen and sharpen.
You feel yourself speed up. Fannar hits you but does no damage.
Fannar barely misses you.
You spin and attack Fannar.
You closely miss Fannar. Your kick misses Fannar.
Fannar is moderately wounded.
You feel less exhausted.
You hit Fannar but do no damage. You tail-slap Fannar, but do no damage.
Fannar is moderately wounded.
Fannar hits you with a quarterstaff of freezing!
* * * LOW HITPOINT WARNING * * *
You feel yourself slow down. Fannar freezes you.
* * * LOW HITPOINT WARNING * * *
Okay, then.
As you read the scroll of teleportation, it crumbles to dust.
You feel strangely unstable. Fannar barely misses you.
Fannar hits you but does no damage.
You barely miss Fannar. Your kick misses Fannar.
Your tail-slap misses Fannar.
Fannar is moderately wounded.
You feel yourself speed up.
Fannar hits you with a quarterstaff of freezing!
* * * LOW HITPOINT WARNING * * *
Fannar freezes you.
* * * LOW HITPOINT WARNING * * *
Okay, then.
You hit Fannar but do no damage.
Fannar is moderately wounded.
Fannar hits you with a quarterstaff of freezing!
You die...

########+####
#..$........#
#...........#
+...........#
#[..>e......+
#...@.......#
#.......<...#
####+########


You could see Fannar.

Vanquished Creatures
  3 two-headed ogres
  A queen bee (D:9)
  2 hippogriffs
  A wraith (D:10)
  3 hungry ghosts
  2 hell hounds (D:9)
  An ice beast (D:7)
  3 phantoms
  An eye of draining (D:7)
  An ogre (D:4)
  4 centaurs
  A big kobold (Sewer)
  2 bullfrogs
  A gnoll sergeant (D:8)
  2 scorpions
  19 killer bees
  2 crimson imps
  A bullfrog zombie (D:9)
  2 orc wizards
  A hound (D:7)
  4 orc priests
  2 jellies (D:5)
  A bullfrog skeleton (D:7)
  2 centaur skeletons
  An iguana (D:4)
  4 worker ants
  5 ogre zombies (D:10)
  A howler monkey skeleton (D:7)
  6 gnolls
  7 adders
  A river rat (D:5)
  2 shadow imps (D:5)
  2 oozes
  3 worms
  A dart slug (D:1)
  5 leopard geckos
  26 orcs
  7 giant cockroaches
  6 goblins
  7 hobgoblins
  7 jackals
  4 quokkas
  9 bats
  6 frilled lizards
  2 hobgoblin skeletons (D:10)
  2 hobgoblin zombies (D:10)
  A jackal skeleton (D:8)
  10 kobolds
  2 orc skeletons (D:10)
  6 orc zombies (D:10)
  A quokka skeleton (D:8)
  19 rats
215 creatures vanquished.

Vanquished Creatures (collateral kills)
  A hippogriff (D:9)
  An orc warrior (D:9)
  A centaur (D:9)
  5 killer bees (D:9)
  A hound (D:7)
  A bullfrog skeleton (D:9)
  An ogre zombie (D:10)
  2 gnolls
  An adder (D:9)
  An adder skeleton (D:9)
  A goblin (D:2)
  A quokka (D:3)
  3 goblin zombies (D:10)
  A hobgoblin zombie (D:10)
  An orc skeleton (D:10)
22 creatures vanquished.

Grand Total: 237 creatures vanquished

Notes
Turn   | Place    | Note
-------+----------+-------------------------------------------
     0 | D:1      | tidbits the Draconian Necromancer began the quest for the Orb.
     0 | D:1      | Reached XP level 1. HP: 14/14 MP: 3/3
   123 | D:1      | Reached XP level 2. HP: 9/20 MP: 0/5
   261 | D:1      | Learned a level 1 spell: Animate Skeleton
   546 | D:1      | Reached XP level 3. HP: 12/26 MP: 1/6
   551 | D:1      | Learned a level 3 spell: Vampiric Draining
   857 | D:3      | Reached skill level 5 in Necromancy
   958 | D:2      | Reached XP level 4. HP: 10/33 MP: 1/8
   963 | D:2      | Learned a level 3 spell: Regeneration
   998 | D:2      | Found a hazy altar of Hepliaklqana.
  1058 | D:2      | Reached skill level 3 in Spellcasting
  1621 | D:3      | Found a stormy altar of Qazlal.
  1648 | D:3      | Reached XP level 5. HP: 38/38 MP: 5/10
  1698 | D:3      | Reached skill level 6 in Necromancy
  1914 | D:4      | Noticed an ogre
  1923 | D:4      | Killed an ogre
  1923 | D:4      | Reached skill level 4 in Spellcasting
  1923 | D:4      | Reached XP level 6. HP: 42/45 MP: 9/12
  2015 | D:4      | Found Vanohuw's Magic Scroll Shoppe.
  2028 | D:4      | Bought a scroll of remove curse for 39 gold pieces
  2028 | D:4      | Bought a scroll of magic mapping for 45 gold pieces
  2028 | D:4      | Bought a scroll of teleportation for 39 gold pieces
  2045 | D:4      | Found a staircase to the Ecumenical Temple.
  2057 | Temple   | Entered the Ecumenical Temple
  2120 | Temple   | Became a worshipper of the Wu Jian Council
  2135 | Temple   | Learned a level 4 spell: Control Undead
  2170 | D:5      | Entered Level 5 of the Dungeon
  2179 | D:5      | Reached skill level 7 in Necromancy
  2247 | D:5      | Your scales start taking on a rich purple colour.
  2247 | D:5      | Reached skill level 5 in Spellcasting
  2247 | D:5      | Reached XP level 7. HP: 41/50 MP: 7/15
  2341 | D:5      | Noticed a two-headed ogre
  2463 | D:5      | Found a glowing drain.
  2475 | Sewer    | Entered a sewer
  2482 | Sewer    | Reached * piety under Wu Jian
  2524 | Sewer    | Reached skill level 1 in Charms
  2542 | Sewer    | Found a white marble altar of Elyvilon.
  2675 | D:5      | Killed a two-headed ogre
  2675 | D:5      | Reached skill level 6 in Spellcasting
  2675 | D:5      | Reached skill level 3 in Charms
  2675 | D:5      | Reached skill level 8 in Necromancy
  2675 | D:5      | Reached XP level 8. HP: 19/57 MP: 1/18
  2732 | D:5      | Reached skill level 9 in Necromancy
  2738 | D:5      | Learned a level 4 spell: Animate Dead
  2765 | D:5      | Found a sparkling altar of Nemelex Xobeh.
  2842 | D:6      | Found Qymyss's Food Shoppe.
  2928 | D:7      | Noticed a hippogriff
  2934 | D:7      | Reached skill level 2 in Dodging
  2940 | D:7      | Killed a hippogriff
  2940 | D:7      | Reached skill level 2 in Fighting
  3015 | D:7      | Reached skill level 3 in Dodging
  3015 | D:7      | Reached skill level 1 in Unarmed Combat
  3082 | D:9      | Noticed a hippogriff
  3095 | D:8      | HP: 5/62 [hippogriff (3)]
  3109 | D:8      | Reached skill level 2 in Unarmed Combat
  3111 | D:8      | Killed a hippogriff
  3111 | D:8      | Reached skill level 3 in Fighting
  3111 | D:8      | Reached XP level 9. HP: 10/69 MP: 12/19
  3123 | D:8      | Reached ** piety under Wu Jian
  3189 | D:8      | Noticed a two-headed ogre
  3202 | D:8      | Killed a two-headed ogre
  3202 | D:8      | Reached skill level 4 in Fighting
  3202 | D:8      | Reached skill level 4 in Dodging
  3202 | D:8      | Reached skill level 4 in Unarmed Combat
  3270 | D:8      | Found a basalt altar of Yredelemnul.
  3699 | D:7      | Reached skill level 5 in Unarmed Combat
  3802 | D:7      | Reached skill level 5 in Fighting
  4114 | D:9      | Noticed a two-headed ogre
  4120 | D:9      | Reached skill level 6 in Unarmed Combat
  4123 | D:9      | Killed a two-headed ogre
  4123 | D:9      | Reached skill level 5 in Dodging
  4123 | D:9      | Reached XP level 10. HP: 79/83 MP: 13/20
  4125 | D:9      | Reached *** piety under Wu Jian
  4146 | D:9      | Reached skill level 7 in Unarmed Combat
  4184 | D:9      | Reached skill level 6 in Fighting
  4343 | D:9      | Found a blossoming altar of Fedhas.
  4463 | D:9      | Found a staircase to the Lair.
  4524 | D:9      | Reached skill level 8 in Unarmed Combat
  4567 | D:10     | Entered Level 10 of the Dungeon
  4652 | D:10     | Reached **** piety under Wu Jian
  4682 | D:10     | Found a staircase to the Orcish Mines.
  4754 | D:10     | Reached skill level 6 in Dodging
  4839 | D:11     | Noticed Fannar
  4852 | D:11     | Gained mutation: You tend to lose your temper in combat. [potion of mutation]
  4852 | D:11     | Gained mutation: You are weak. (Str -2) [potion of mutation]
  4852 | D:11     | Gained mutation: You have sharp toenails. [potion of mutation]
  4856 | D:11     | HP: 4/84 [Fannar/quarterstaff of freezing (10)]
  4857 | D:11     | Slain by Fannar

Vault maps used:
D:1:      dpeg_arrival_rooms_a, minmay_misc_feat_secret_circle
D:2:      nicolae_overflow_hidden_temple
D:3:      grunt_qazlal_clouds
D:4:      minmay_temple_entry_butterflies, first_bread, serial_shops, shop,
          minmay_misc_feat_room, uniq_eustachio, uniq_pikel
D:5:      marbit_many_paths, lightli_sewer_entry_pipes, uniq_blork_the_orc
D:6:      minitemple, serial_shops, shop_statue, dk_noncrumbling_3
D:8:      overflow_temple_1_default
D:9:      minmay_lair_entry_lava, david_nohive_1, fedhas_altar_4
D:10:     zombieorc1_lemuel
D:11:     uniq_fannar
Temple:   nicolae_temple_elliptical
Sewer:    sewer_kobolds

Skill      XL: |  1  2  3  4  5  6  7  8  9 10 |
---------------+-------------------------------+-----
Necromancy     | 5 6 7 8 9 |  9.1
Spellcasting   | 3 4 5 6 |  6.8
Charms         | 3 |  3.7
Dodging        | 3 5 6 |  6.0
Fighting       | 3 5 6 |  6.7
Unarmed Combat | 2 6 8 |  8.6
Stealth        | |  1.7

Action                   |  1- 3 |  4- 6 |  7- 9 | 10-12 || total
-------------------------+-------+-------+-------+-------++-------
Melee: Short sword       |    30 |       |       |       ||    30
       Tailslap          |     2 |     8 |    22 |    37 ||    69
       Spear             |       |    86 |   173 |    56 ||   315
       Glaive            |       |       |    60 |       ||    60
       Unarmed           |       |       |    18 |   234 ||   252
       Punch             |       |       |     1 |     5 ||     6
Throw: Tomahawk          |     5 |       |       |       ||     5
 Cast: Pain              |    69 |    38 |    54 |     9 ||   170
       Animate Skeleton  |     4 |     7 |    10 |     5 ||    26
       Vampiric Draining |     1 |     4 |    25 |     6 ||    36
       Regeneration      |       |       |    11 |     3 ||    14
       Control Undead    |       |       |     1 |     2 ||     3
       Animate Dead      |       |       |       |     5 ||     5
Invok: Serpent's Lash    |       |       |       |     1 ||     1
 Abil: Breathe Dispellin |       |       |     5 |     1 ||     6
Evoke: Wand              |       |       |     7 |     4 ||    11
  Use: Potion            |     1 |       |     1 |     4 ||     6
       Scroll            |       |     7 |     2 |     3 ||    12
 Stab: Sleeping          |       |     4 |     4 |       ||     8
       Distracted        |       |       |       |     3 ||     3
  Eat: Chunk             |     2 |     4 |    12 |     7 ||    25
       Fruit             |       |     1 |       |       ||     1
       Royal jelly       |       |       |     3 |       ||     3
       Bread ration      |       |       |     2 |       ||     2
       Meat ration       |       |       |     1 |       ||     1
Armor: Skin              |    17 |    32 |   105 |    77 ||   231
Dodge: Dodged            |    24 |    45 |   185 |   183 ||   437

Table legend:
 A = Spawn XP
 B = Non-spawn XP
 C = Spawn XP percentage of total XP
 D = Spawn monster count
 E = Non-spawn monster count
 F = Spawn count percentage of total count
 G = Total turns spent on level
                    A         B        C        D         E        F      G
               +---------+---------+-------+---------+---------+-------+---------
         Total |       0 |    9245 |   0.0 |       0 |     236 |   0.0 |  4857
               +---------+---------+-------+---------+---------+-------+---------
           D:1 |       0 |      51 |   0.0 |       0 |      25 |   0.0 |   692
           D:2 |       0 |      92 |   0.0 |       0 |      30 |   0.0 |   684
           D:3 |       0 |     191 |   0.0 |       0 |      20 |   0.0 |   395
           D:4 |       0 |     243 |   0.0 |       0 |       9 |   0.0 |   328
           D:5 |       0 |    1489 |   0.0 |       0 |      33 |   0.0 |   584
           D:6 |       0 |      65 |   0.0 |       0 |       9 |   0.0 |   318
           D:7 |       0 |    1523 |   0.0 |       0 |      19 |   0.0 |   514
           D:8 |       0 |    1369 |   0.0 |       0 |      12 |   0.0 |   316
           D:9 |       0 |    3082 |   0.0 |       0 |      41 |   0.0 |   528
          D:10 |       0 |    1039 |   0.0 |       0 |      31 |   0.0 |   272
         Sewer |       0 |     101 |   0.0 |       0 |       7 |   0.0 |   129
               +---------+---------+-------+---------+---------+-------+---------

Table legend:
 A = Turns spent in this place as a percentage of turns spent in the entire game.
 B = Non-inter-level travel turns spent in this place as a percentage of non-inter-level travel turns spent in the entire game.
 C = Inter-level travel turns spent in this place as a percentage of turns spent in this place.
 D = Turns resting spent in this place as a percentage of non-inter-level travel turns spent in this place.
 E = Turns spent auto-exploring this place as a percentage of non-inter-level travel turns spent in this place.
 F = Non-inter-level travel turns spent in this place divided by the number of levels of this place that you've seen.
                   A       B       C       D       E      F
               +-------+-------+-------+-------+-------+----------------------
         Total | 100.0 | 100.0 |   1.8 |   0.0 |   0.0 | 366.9
       Dungeon |  95.7 |  95.8 |   1.7 |   0.0 |   0.0 | 415.5
        Temple |   1.6 |   1.5 |  11.4 |   0.0 |   0.0 |  70.0
         Sewer |   2.7 |   2.7 |   0.0 |   0.0 |   0.0 | 129.0
               +-------+-------+-------+-------+-------+----------------------

Table legend:
 A = Kills in this place as a percentage of kills in entire the game.
 B = Kills by you in this place as a percentage of kills by you in the entire game.
 C = Kills by friends in this place as a percentage of kills by friends in the entire game.
 D = Other kills in this place as a percentage of other kills in the entire game.
 E = Experience gained in this place as a percentage of experience gained in the entire game.
 F = Experience gained in this place divided by the number of levels of this place that you have seen.
                   A       B       C       D       E      F
               +-------+-------+-------+-------+-------+----------------------
         Total | 100.0 | 100.0 | 100.0 |   N/A | 100.0 | 711.2
       Dungeon |  97.0 |  96.7 | 100.0 |   N/A |  98.9 | 831.3
         Sewer |   3.0 |   3.3 |   0.0 |   N/A |   1.1 | 101.0
               +-------+-------+-------+-------+-------+----------------------

Vault maps used:
D:1:      dpeg_arrival_rooms_a, minmay_misc_feat_secret_circle
D:2:      nicolae_overflow_hidden_temple
D:3:      grunt_qazlal_clouds
D:4:      minmay_temple_entry_butterflies, first_bread, serial_shops, shop,
          minmay_misc_feat_room, uniq_eustachio, uniq_pikel
D:5:      marbit_many_paths, lightli_sewer_entry_pipes, uniq_blork_the_orc
D:6:      minitemple, serial_shops, shop_statue, dk_noncrumbling_3
D:8:      overflow_temple_1_default
D:9:      minmay_lair_entry_lava, david_nohive_1, fedhas_altar_4
D:10:     zombieorc1_lemuel
D:11:     uniq_fannar
Temple:   nicolae_temple_elliptical
Sewer:    sewer_kobolds
